 Dungeon Crawl Stone Soup version 0.19.5 (webtiles) character file.

163 Yousuki the Shield-Bearer (level 5, 49/49 HPs)
             Began as a Gargoyle Fighter on May 18, 2017.
             Quit the game on level 3 of the Dungeon.
             The game lasted 00:17:46 (1602 turns).

Yousuki the Shield-Bearer (Gargoyle Fighter)        Turns: 1602, Time: 00:17:46

Health: 49/49      AC: 22    Str: 24    XL:     5   Next: 44%
Magic:  5/5        EV:  2    Int:  9    God:
Gold:   81         SH: 10    Dex: 10    Spells: 1 memorised, 3 levels left

rFire  . . .     SeeInvis .     a - +1 trident
rCold  . . .     Gourm    .     (armour currently unavailable)
rNeg   + + +     Faith    .     c - +0 shield
rPois  ∞         Spirit   .     (helmet currently unavailable)
rElec  .         Reflect  .     (cloak currently unavailable)
rCorr  .         Harm     .     (gloves currently unavailable)
MR     +....     NoTele   +     (boots currently unavailable)
Stlth  +.........               (no amulet)
                                (no ring)
                                e - ring of protection from magic

@: mighty, tree-form
A: negative energy resistance 1, (electricity resistance), (unbreathing),
petrification resistance, rot immunity, AC +4
a: no special abilities


You were on level 3 of the Dungeon.
You were not hungry.
You were a tree.
You visited 1 branch of the dungeon, and saw 3 of its levels.

You collected 81 gold pieces.

Inventory:

Hand Weapons
 a - a +1 trident (weapon)
 z - a +0 war axe
Missiles
 j - 114 stones (quivered)
Armour
 b - a +0 scale mail (melded)
 c - a +0 shield (worn)
 t - a +0 leather armour
Jewellery
 e - a ring of protection from magic (left branch)
Wands
 v - a wand of teleportation (0/9)
 w - a wand of slowing (37/48)
Scrolls
 i - 2 scrolls of remove curse
 m - a scroll of teleportation
Potions
 o - 3 potions of degeneration
Books
 p - a book of Minor Magic

   Spells                             Type                      Level
   a - Magic Dart                     Conjuration                  1
   b - Blink                          Translocation                2
   c - Call Imp                       Summoning                    2
   d - Repel Missiles                 Charms/Air                   2
   e - Slow                           Hexes                        2
   f - Conjure Flame                  Conjuration/Fire             3
   g - Mephitic Cloud                 Conjuration/Poison/Air       3
Comestibles
 f - a bread ration
 h - 5 meat rations


   Skills:
 + Level 3.8 Fighting
 + Level 3.0 Polearms
 + Level 4.2 Armour
 + Level 1.0 Dodging
 + Level 4.3 Shields
 + Level 0.1 Evocations


You had 3 spell levels left.
You knew the following spells:

 Your Spells              Type           Power        Failure   Level  Hunger
a - Magic Dart            Conj           #...         98%         1    ##.....


Dungeon Overview and Level Annotations

Branches:
Dungeon (3/15)

Altars:
Cheibriados
Makhleb


Innate Abilities, Weirdness & Mutations

You are resistant to torment.
((Your stone body is resilient. (AC +4)))
You are immune to poison.
You resist negative energy. (rN+)
((You are resistant to electric shocks. (rElec)))
((You can survive without breathing.))
You are immune to petrification.
You are immune to rotting.


Message History

As you read the scroll labeled LEMNOU IGEDO, it crumbles to dust.
It is a scroll of enchant weapon.
Really abort (and waste the scroll)?
Uppercase [Y]es or [N]o only, please.
Really abort (and waste the scroll)?
Your +0 trident glows red for a moment.
As you read the scroll labeled ZELLIU FUOLUUGA, it crumbles to dust.
It is a scroll of identify.
o - 3 potions of degeneration Unknown command.
You cannot move.
You cannot move.
It was a potion of curing.
You feel better.
It was a potion of magic.
Magic courses through your body.
Unknown command.
Unknown command.
You cannot teleport because you are held in place by your roots.
Unknown command.
Unknown command.
Are you sure you want to abandon this character and quit the game? (Confirm with "yes".)

*,,,,.....,*#.....#
**,,,..>..###.....###########
*,,,,........................
*,,,,......##........########
*,,,,,#.............#...#....
*,,,,,#...).........##.......
**,,,,,#.............#####....
*,,,,,,#....)))......# #....
*,,,,,,#.....♣≈......# *#....
*,,,,,,#....≈§8§§§...#**#....#
*,,,,,,#...≈≈≈.≈≈§...#,*#..[.#
*,,,,,,#..≈≈...§§§≈..#,,......
*,,,,,,#.≈≈....$..≈≈.*,,,,...#
*,,,,,,#.§≈..._...≈§.*,,,,,,,*
*,,,,,,#.≈≈.......≈≈.*,,,,****
*,,,,,,#.............*,,,,**,,
******,***************,,,,,,,*


There were no monsters in sight!

Vanquished Creatures
  3 iron imps (D:3)
  Jessica (D:2)
  An ooze (D:1)
  A worm (D:2)
  2 dart slugs (D:2)
  4 orcs (D:3)
  2 bats (D:1)
  4 giant cockroaches
  4 goblins (D:1)
  5 hobgoblins
  A quokka (D:2)
  2 frilled lizards
  4 kobolds
  5 rats
39 creatures vanquished.

Notes
Turn   | Place    | Note
-------+----------+-------------------------------------------
     0 | D:1      | Yousuki the Gargoyle Fighter began the quest for the Orb.
     0 | D:1      | Reached XP level 1. HP: 14/14 MP: 1/1
   216 | D:1      | Reached XP level 2. HP: 18/19 MP: 2/2
   755 | D:1      | Learned a level 1 spell: Magic Dart
   967 | D:2      | Found a faded altar of an unknown god.
   988 | D:2      | Found a snail-covered altar of Cheibriados.
  1009 | D:2      | Reached XP level 3. HP: 23/23 MP: 3/3
  1308 | D:2      | Noticed Jessica
  1314 | D:2      | Killed Jessica
  1314 | D:2      | Reached XP level 4. HP: 29/29 MP: 4/4
  1540 | D:3      | Found a burning altar of Makhleb.
  1580 | D:3      | Reached XP level 5. HP: 33/33 MP: 5/5
  1584 | D:3      | Reached skill level 1 in Dodging
  1602 | D:3      | Quit the game

Skill      XL: |  1  2  3  4  5 |
---------------+----------------+-----
Polearms       | 2 3 |  3.0
Armour         | 4 |  4.2
Shields        | 4 |  4.3
Dodging        | 1 |  1.0
Fighting       | |  3.8
Evocations     | |  0.1

Action                   |  1- 3 |  4- 6 || total
-------------------------+-------+-------++-------
Melee: Trident           |    96 |    51 ||   147
Evoke: Wand              |       |     6 ||     6
  Use: Potion            |       |     5 ||     5
       Scroll            |       |     8 ||     8
  Eat: Bread ration      |     1 |       ||     1
Armor: Scale mail        |    21 |    23 ||    44
       Skin              |       |    25 ||    25
Dodge: Dodged            |    18 |    22 ||    40
Block: Shield            |    42 |    40 ||    82
